| TOP OF THE 1ST |
|
Harrisburg Senators batting - Pitching for Columbia Fireflies : RHP Ryan Hemmerich
|
|
Pitching: RHP Ryan Hemmerich
|
|
|
Batting: RHB Marcus Dawson
|
0-0: Ball 1-0: Called Strike 1-1: Ground out 5-3 (Groundball, 56, EV 81.9 MPH)
|
|
Batting: RHB Jon Metzler
|
0-0: Ball 1-0: Ball 2-0: SINGLE (Groundball, 25, EV 65.6 MPH) (infield hit)
|
|
Batting: RHB Deshawn Boseman
|
0-0: Called Strike 0-1: Called Strike 0-2: Ball 1-2: Grounds into double play, 3-6-1 (Groundball, 3, EV 102.5 MPH)
|
| Top of the 1st over - 0 runs, 1 hit, 0 errors, 0 left on base; Harrisburg 0 - Columbia 0 |
| BOTTOM OF THE 1ST |
|
Columbia Fireflies batting - Pitching for Harrisburg Senators : RHP Kalititi Haki
|
|
Pitching: RHP Kalititi Haki
|
|
|
Batting: RHB Billy Walker
|
0-0: Swinging Strike 0-1: SINGLE (Line Drive, 7LS, EV 104.4 MPH)
|
|
Batting: RHB Jeff MacPhee
|
0-0: Ball 1-0: Ball 2-0: Foul Ball, location: 2F 2-1: Fly out, F6 (Popup, 6D, EV 60.6 MPH)
|
|
Batting: LHB Roy Riess
|
0-0: Swinging Strike 0-1: Ball 1-1: Ball 2-1: Called Strike 2-2: Ball Billy Walker steals 2nd base 3-2: Ground out 6-3 (Groundball, 6S, EV 66.2 MPH) Billy Walker to third
|
|
Batting: LHB Roy Blonski
|
0-0: Foul Ball, location: 2F 0-1: Ball 1-1: Ball 2-1: Called Strike 2-2: Strikes out swinging
|
| Bottom of the 1st over - 0 runs, 1 hit, 0 errors, 1 left on base; Harrisburg 0 - Columbia 0 |
| TOP OF THE 2ND |
|
Harrisburg Senators batting - Pitching for Columbia Fireflies : RHP Ryan Hemmerich
|
|
Batting: LHB Shinji Adachi
|
0-0: Ground out 5-3 (Groundball, 56S, EV 68.8 MPH)
|
|
Batting: RHB Justin Slifka
|
0-0: Called Strike 0-1: Foul Ball, location: 2F 0-2: Foul Ball, location: 2F 0-2: Ball 1-2: Strikes out swinging
|
|
Batting: LHB Ben Montgomery
|
0-0: Called Strike 0-1: Swinging Strike 0-2: Strikes out looking
|
| Top of the 2nd over - 0 runs, 0 hits, 0 errors, 0 left on base; Harrisburg 0 - Columbia 0 |
| BOTTOM OF THE 2ND |
|
Columbia Fireflies batting - Pitching for Harrisburg Senators : RHP Kalititi Haki
|
|
Batting: RHB Seth Daniel
|
0-0: Ball 1-0: Ball 2-0: Ball 3-0: Called Strike 3-1: DOUBLE (Flyball, 78D, EV 95.0 MPH)
|
|
Batting: LHB Pete DeHart
|
0-0: Foul Ball, location: 2F 0-1: Foul Ball, location: 2F 0-2: Ball 1-2: Strikes out swinging
|
|
Batting: RHB Bobby Campbell
|
0-0: Ball 1-0: Called Strike 1-1: Ball 2-1: Called Strike 2-2: Ball 3-2: Fly out, F8 (Flyball, 8RM, EV 90.0 MPH)
|
|
Batting: RHB Jonathan Jelich
|
0-0: Called Strike 0-1: SINGLE (Line Drive, 78S, EV 85.0 MPH) Seth Daniel to third Runner from 3rd tries for Home, SAFE, throw by LF to home
|
|
Batting: RHB Omar Gonzalez
|
Pickoff Throw to First - Out! 1-3
|
| Bottom of the 2nd over - 1 run, 2 hits, 0 errors, 0 left on base; Harrisburg 0 - Columbia 1 |
| TOP OF THE 3RD |
|
Harrisburg Senators batting - Pitching for Columbia Fireflies : RHP Ryan Hemmerich
|
|
Batting: RHB Brennan Cameron
|
0-0: Called Strike 0-1: Ball 1-1: Fly out, F8 (Flyball, 8LD, EV 96.2 MPH)
|
|
Batting: LHB Diego Muniz
|
0-0: Fly out, F4 (Flyball, 34D, EV 93.8 MPH)
|
|
Batting: RHB Haykuhi Kagramanian
|
0-0: Ball 1-0: Called Strike 1-1: Fly out, F9 (Flyball, 9D, EV 90.6 MPH)
|
| Top of the 3rd over - 0 runs, 0 hits, 0 errors, 0 left on base; Harrisburg 0 - Columbia 1 |
| BOTTOM OF THE 3RD |
|
Columbia Fireflies batting - Pitching for Harrisburg Senators : RHP Kalititi Haki
|
|
Batting: RHB Omar Gonzalez
|
0-0: Ball 1-0: Fly out, F6 (Flyball, 56D, EV 91.2 MPH)
|
|
Batting: RHB Billy Walker
|
0-0: Called Strike 0-1: Fly out, F9 (Flyball, 89M, EV 79.4 MPH)
|
|
Batting: RHB Jeff MacPhee
|
0-0: Swinging Strike 0-1: Swinging Strike 0-2: Ball 1-2: Strikes out swinging
|
| Bottom of the 3rd over - 0 runs, 0 hits, 0 errors, 0 left on base; Harrisburg 0 - Columbia 1 |
| TOP OF THE 4TH |
|
Harrisburg Senators batting - Pitching for Columbia Fireflies : RHP Ryan Hemmerich
|
|
Batting: RHB Marcus Dawson
|
0-0: SINGLE (Groundball, 6MS, EV 87.5 MPH) (infield hit)
|
|
Batting: RHB Jon Metzler
|
0-0: Ball 1-0: Called Strike Marcus Dawson steals 2nd base (no throw) 1-1: Called Strike 1-2: Foul Ball, location: 2F 1-2: Foul Ball, location: 2F 1-2: Ball 2-2: Strikes out swinging
|
|
Batting: RHB Deshawn Boseman
|
0-0: Swinging Strike 0-1: Ball 1-1: Foul Ball, location: 2F 1-2: Foul Ball, location: 2F 1-2: Strikes out swinging
|
|
Batting: LHB Shinji Adachi
|
0-0: Ball 1-0: Called Strike 1-1: Ball 2-1: Swinging Strike 2-2: Ground out 4-3 (Groundball, 34, EV 88.1 MPH)
|
| Top of the 4th over - 0 runs, 1 hit, 0 errors, 1 left on base; Harrisburg 0 - Columbia 1 |
| BOTTOM OF THE 4TH |
|
Columbia Fireflies batting - Pitching for Harrisburg Senators : RHP Kalititi Haki
|
|
Batting: LHB Roy Riess
|
0-0: Ball 1-0: Foul Ball, location: 2F 1-1: Ball 2-1: Called Strike 2-2: Fly out, F8 (Flyball, 8LM, EV 83.1 MPH)
|
|
Batting: LHB Roy Blonski
|
0-0: Ground out 5-3 (Groundball, 6, EV 88.8 MPH)
|
|
Batting: RHB Seth Daniel
|
0-0: Ground out 6-3 (Groundball, 6M, EV 105.0 MPH)
|
| Bottom of the 4th over - 0 runs, 0 hits, 0 errors, 0 left on base; Harrisburg 0 - Columbia 1 |
| TOP OF THE 5TH |
|
Harrisburg Senators batting - Pitching for Columbia Fireflies : RHP Ryan Hemmerich
|
|
Batting: RHB Justin Slifka
|
0-0: Foul Ball, location: 2F 0-1: Called Strike 0-2: Ball 1-2: Foul Ball, location: 2F 1-2: Strikes out swinging
|
|
Batting: LHB Ben Montgomery
|
0-0: Fly out, F5 (Flyball, 56D, EV 78.1 MPH)
|
|
Batting: RHB Brennan Cameron
|
0-0: Foul Ball, location: 2F 0-1: Ball 1-1: Called Strike 1-2: SOLO HOME RUN (Flyball, 7D, EV 96.9 MPH), Distance : 358 ft
|
|
Batting: LHB Diego Muniz
|
0-0: Ground out 4-3 (Groundball, 4, EV 88.1 MPH)
|
| Top of the 5th over - 1 run, 1 hit, 0 errors, 0 left on base; Harrisburg 1 - Columbia 1 |
| BOTTOM OF THE 5TH |
|
Columbia Fireflies batting - Pitching for Harrisburg Senators : RHP Kalititi Haki
|
|
Batting: LHB Pete DeHart
|
0-0: Called Strike 0-1: Ball 1-1: Swinging Strike 1-2: Foul Ball, location: 2F 1-2: Ball 2-2: Ground out 4-3 (Groundball, 4, EV 86.2 MPH)
|
|
Batting: RHB Bobby Campbell
|
0-0: Called Strike 0-1: Ball 1-1: Called Strike 1-2: Foul Ball, location: 2F 1-2: Ball 2-2: SINGLE (Groundball, 6D, EV 97.5 MPH)
|
|
Batting: RHB Jonathan Jelich
|
0-0: Swinging Strike 0-1: Swinging Strike 0-2: Foul Ball, location: 2F 0-2: SINGLE (Groundball, 56, EV 108.8 MPH) Bobby Campbell to second
|
|
Batting: RHB Omar Gonzalez
|
0-0: Ball 1-0: Ball 2-0: Called Strike 2-1: Fly out, F8 (Line Drive, 8RM, EV 96.2 MPH)
|
|
Batting: RHB Billy Walker
|
0-0: SINGLE (Line Drive, 34D, EV 96.2 MPH) Bobby Campbell to third Jonathan Jelich to second Runner from 3rd tries for Home, throw by RF and OUT! 9-2
|
| Bottom of the 5th over - 0 runs, 3 hits, 0 errors, 2 left on base; Harrisburg 1 - Columbia 1 |
| TOP OF THE 6TH |
|
Harrisburg Senators batting - Pitching for Columbia Fireflies : RHP Ryan Hemmerich
|
|
Batting: RHB Haykuhi Kagramanian
|
0-0: Fly out, F8 (Flyball, 78D, EV 91.9 MPH)
|
|
Batting: RHB Marcus Dawson
|
0-0: Swinging Strike 0-1: Called Strike 0-2: Ball 1-2: Strikes out swinging
|
|
Batting: RHB Jon Metzler
|
0-0: Ball 1-0: SINGLE (Groundball, 34D, EV 102.5 MPH)
|
|
Batting: RHB Deshawn Boseman
|
0-0: Ball 1-0: Ground out 4-3 (Groundball, 4, EV 83.8 MPH)
|
| Top of the 6th over - 0 runs, 1 hit, 0 errors, 1 left on base; Harrisburg 1 - Columbia 1 |
| BOTTOM OF THE 6TH |
|
Columbia Fireflies batting - Pitching for Harrisburg Senators : RHP Kalititi Haki
|
|
Batting: RHB Jeff MacPhee
|
0-0: Foul Ball, location: 2F 0-1: Foul Ball, location: 2F 0-2: Ball 1-2: Ball 2-2: Ground out 5-3 (Groundball, 5, EV 83.8 MPH)
|
|
Batting: LHB Roy Riess
|
0-0: Called Strike 0-1: Ground out 5-3 (Groundball, 15, EV 85.0 MPH)
|
|
Batting: LHB Roy Blonski
|
0-0: Called Strike 0-1: Ball 1-1: Ball 2-1: Foul Ball, location: 2F 2-2: Foul Ball, location: 2F 2-2: Hit by Pitch
|
|
Batting: RHB Seth Daniel
|
0-0: Fly out, F5 (Flyball, 56D, EV 85.0 MPH)
|
| Bottom of the 6th over - 0 runs, 0 hits, 0 errors, 1 left on base; Harrisburg 1 - Columbia 1 |
| TOP OF THE 7TH |
|
Harrisburg Senators batting - Pitching for Columbia Fireflies : RHP Ryan Hemmerich
|
|
Batting: LHB Shinji Adachi
|
0-0: Called Strike 0-1: Swinging Strike 0-2: Reached on error, E6 (Groundball, 4, EV 85.0 MPH)
|
|
Batting: RHB Justin Slifka
|
0-0: Called Strike 0-1: Ball 1-1: Foul Ball, location: 2F 1-2: Foul Ball, location: 2F 1-2: Fly out, F7 (Flyball, 7LM, EV 85.0 MPH)
|
|
Batting: LHB Ben Montgomery
|
0-0: Called Strike 0-1: Swinging Strike 0-2: Strikes out swinging
|
|
Batting: RHB Brennan Cameron
|
0-0: Ground out 6-3 (Groundball, 6, EV 89.4 MPH)
|
| Top of the 7th over - 0 runs, 0 hits, 1 error, 1 left on base; Harrisburg 1 - Columbia 1 |
| BOTTOM OF THE 7TH |
|
Columbia Fireflies batting - Pitching for Harrisburg Senators : RHP Kalititi Haki
|
|
Batting: LHB Pete DeHart
|
0-0: Ball 1-0: Ground out U3 (Groundball, 3, EV 88.8 MPH)
|
|
Batting: RHB Bobby Campbell
|
0-0: Ground out 6-3 (Groundball, P, EV 84.4 MPH)
|
|
Batting: RHB Jonathan Jelich
|
0-0: Called Strike 0-1: Ball 1-1: Foul Ball, location: 2F 1-2: Ground out 5-3 (Groundball, 56S, EV 81.9 MPH)
|
| Bottom of the 7th over - 0 runs, 0 hits, 0 errors, 0 left on base; Harrisburg 1 - Columbia 1 |
| TOP OF THE 8TH |
|
Harrisburg Senators batting - Pitching for Columbia Fireflies : RHP Ryan Hemmerich
|
|
Batting: LHB Diego Muniz
|
0-0: Swinging Strike 0-1: Ball 1-1: Called Strike 1-2: Strikes out looking
|
|
Pinch Hitting: LHB Adam Jacobs
|
0-0: Ball 1-0: Ball 2-0: Ball 3-0: Base on Balls
|
|
Batting: RHB Marcus Dawson
|
0-0: Sac Bunt to 23 - play at first, batter OUT! 3-4 Adam Jacobs to second
|
|
Batting: RHB Jon Metzler
|
0-0: Ball 1-0: Called Strike 1-1: Swinging Strike 1-2: Ball 2-2: Strikes out swinging
|
| Top of the 8th over - 0 runs, 0 hits, 0 errors, 1 left on base; Harrisburg 1 - Columbia 1 |
| BOTTOM OF THE 8TH |
|
Columbia Fireflies batting - Pitching for Harrisburg Senators : RHP Kalititi Haki
|
|
Now at 3B: Adam Jacobs
|
|
|
Batting: RHB Omar Gonzalez
|
0-0: Called Strike 0-1: Ball 1-1: DOUBLE (Flyball, 8RD, EV 88.1 MPH)
|
|
DELAY
|
Rain delay of 59 minutes in the 8th inning.
|
|
Pitching: RHP Ramon Rodriguez
|
|
|
Batting: RHB Billy Walker
|
0-0: Called Strike 0-1: Ball 1-1: Ball 2-1: Fly out, F2 (Popup, 23F, EV 83.1 MPH)
|
|
Batting: RHB Jeff MacPhee
|
0-0: Ball 1-0: Ball 2-0: Foul Ball, location: 2F 2-1: Swinging Strike 2-2: Ground out 6-3 (Groundball, 6, EV 82.5 MPH)
|
|
Batting: LHB Roy Riess
|
0-0: Intentional Walk
|
|
Batting: LHB Roy Blonski
|
0-0: Ball 1-0: Called Strike 1-1: Ball 2-1: Fly out, F7 (Flyball, 7LM, EV 86.9 MPH)
|
| Bottom of the 8th over - 0 runs, 1 hit, 0 errors, 2 left on base; Harrisburg 1 - Columbia 1 |
| TOP OF THE 9TH |
|
Harrisburg Senators batting - Pitching for Columbia Fireflies : RHP Ryan Hemmerich
|
|
Pitching: RHP Casey Cuomo
|
|
|
Batting: RHB Deshawn Boseman
|
0-0: Called Strike 0-1: Ball 1-1: Ground out 4-3 (Groundball, 4, EV 87.5 MPH)
|
|
Batting: LHB Shinji Adachi
|
0-0: Ball 1-0: Ball 2-0: Ground out 4-3 (Groundball, 4, EV 85.0 MPH)
|
|
Batting: RHB Justin Slifka
|
0-0: Swinging Strike 0-1: Called Strike 0-2: Strikes out swinging
|
| Top of the 9th over - 0 runs, 0 hits, 0 errors, 0 left on base; Harrisburg 1 - Columbia 1 |
| BOTTOM OF THE 9TH |
|
Columbia Fireflies batting - Pitching for Harrisburg Senators : RHP Ramon Rodriguez
|
|
Pitching: RHP Fernando Fierros
|
|
|
Batting: RHB Seth Daniel
|
0-0: Called Strike 0-1: Swinging Strike 0-2: Strikes out swinging
|
|
Batting: LHB Pete DeHart
|
0-0: Ball 1-0: Ball 2-0: SOLO HOME RUN (Flyball, 89XD, EV 101.9 MPH), Distance : 400 ft
|
| Bottom of the 9th over - 1 run, 1 hit, 0 errors, 0 left on base; Harrisburg 1 - Columbia 2 |
| |
|
Game Over ... Columbia defeats Harrisburg, 2 to 1
|
|
|